 Dungeon Crawl Stone Soup version 0.22.0-16-gc6d26f6 (console) character file.

10189 removed the Nimble (level 11, 0/64 HPs)
             Began as a Deep Elf Hunter on Aug 17, 2018.
             Was a Priest of Vehumet.
             Succumbed to a spiny frog's poison
             ... on level 3 of the Lair of Beasts.
             The game lasted 01:03:35 (20541 turns).

removed the Nimble (Deep Elf Hunter)               Turns: 20541, Time: 01:03:36

Health: 0/64       AC:  9    Str:  9    XL:     11   Next: 32%
Magic:  12/23      EV: 22    Int: 20    God:    Vehumet [***...]
Gold:   1040       SH:  0    Dex: 15    Spells: 14/24 levels left

rFire    . . .     SeeInvis .   (no weapon)
rCold    + . .     Gourm    .   (no shield)
rNeg     + . .     Faith    .   W - +2 robe {rC+}
rPois    .         Spirit   .   B - +2 hat
rElec    .         Reflect  .   S - +0 cloak
rCorr    .         Harm     +   m - +0 pair of gloves
MR       +....                  q - +0 pair of boots
Stlth    ++........             T - amulet of harm
HPRegen  0.20/turn              p - ring of positive energy
MPRegen  0.18/turn              y - +3 ring of evasion

@: lethally poisoned (0 -> -12)
A: no striking features
a: Renounce Religion


You were on level 3 of the Lair of Beasts.
You worshipped Vehumet.
Vehumet was most pleased with you.
You were very hungry.

You visited 2 branches of the dungeon, and saw 14 of its levels.
You also visited: Labyrinth and Bailey.

You collected 1040 gold pieces.

Inventory:

Hand Weapons
 a - a +2 shortbow
 b - a +0 spear of venom
 h - a +0 dagger
 x - a +0 short sword
 H - a +2 spear of pain
 V - a +0 trident
Missiles
 d - 106 arrows
 R - 2 throwing nets (quivered)
Armour
 m - a +0 pair of gloves (worn)
 q - a +0 pair of boots (worn)
 B - a +2 hat (worn)
 J - a +0 buckler
 N - the +2 scale mail "Janatun" {+Inv Int+3, unknown}
   (You found it in a bailey)

   It affects your intelligence (+3).
   It lets you turn invisible.
 O - a +1 animal skin
 S - a +0 cloak (worn)
 W - a +2 robe of cold resistance (worn)
Magical Staves
 G - an uncursed staff of poison
Jewellery
 o - a +6 ring of strength
 p - a ring of positive energy (left hand)
 y - a +3 ring of evasion (right hand)
 A - an uncursed ring of fire
 E - an uncursed ring of protection from magic
 K - an uncursed ring of stealth
 T - an amulet of harm (around neck)
Wands
 D - a wand of flame (31)
 F - a wand of polymorph (6)
 P - a wand of enslavement (15)
 Q - a wand of digging (9)
 U - a wand of iceblast (7)
Scrolls
 g - 2 scrolls of enchant weapon
 n - 2 scrolls of fog
 r - 3 scrolls of amnesia
 t - 6 scrolls of remove curse
 v - a scroll of summoning {unknown}
 w - a scroll of acquirement {unknown}
 z - a scroll of blinking
 X - a scroll of enchant armour {unknown}
 Z - a scroll of holy word {unknown}
Potions
 j - 2 potions of brilliance
 C - a potion of cancellation
 I - a potion of mutation
 L - a potion of magic
 M - 4 potions of curing
 Y - a potion of berserk rage
Comestibles
 f - 16 rations


   Skills:
 - Level 6.1 Fighting
 - Level 5.0 Bows
 - Level 10.1 Dodging
 - Level 1.2 Stealth
 - Level 7.0 Spellcasting
 - Level 10.1 Conjurations
 + Level 10.0 Ice Magic


You had 14 spell levels left.
You knew the following spells:

 Your Spells              Type           Power        Failure   Level  Hunger
a - Freeze                Ice            ####         1%          1    None
b - Throw Frost           Conj/Ice       #####.       1%          2    None
c - Confusing Touch       Hex            #.....       10%         1    None
e - Regeneration          Chrm/Necr      #.........   28%         3    #......
f - Conjure Flame         Conj/Fire      ####....     1%          3    #......

Your spell library contained the following spells:

 Spells                   Type           Power        Failure   Level  Hunger
 Fireball                 Conj/Fire      ####......   9%          5    #####..
 Bolt of Fire             Conj/Fire      ####......   41%         6    ######.
 Confuse                  Hex            #.......     28%         3    #......
 Summon Small Mammal      Summ           #...         10%         1    None
 Summon Ice Beast         Ice/Summ       ####....     12%         4    ###....
 Call Imp                 Summ           #.......     14%         2    None
 Tukima's Dance           Hex            #.......     28%         3    #......
 Flame Tongue             Conj/Fire      ####.        1%          1    None
 Call Canine Familiar     Summ           #.......     28%         3    #......
 Ensorcelled Hibernation  Hex/Ice        ####..       1%          2    None
 Corona                   Hex            #......      10%         1    None
 Shroud of Golubria       Chrm/Tloc      #.........   14%         2    None
 Dazzling Spray           Conj/Hex       ####..       1%          3    #......
 Infusion                 Chrm           #...         10%         1    None
 Song of Slaying          Chrm           #.......     14%         2    None
 Spectral Weapon          Hex/Chrm       #.......     28%         3    #......
 Summon Lightning Spire   Summ/Air       #.......     67%         4    ###....
 Summon Guardian Golem    Hex/Summ       #.......     28%         3    #......


Dungeon Overview and Level Annotations

Branches:
Dungeon (11/15)            Temple (0/1) D:5            Lair (3/6) D:11
    Orc (0/2) D:11
  Swamp: Lair:2-4    Shoals: Lair:2-4     Snake: Lair:2-4    Spider: Lair:2-4

Altars:
Ashenzari
Cheibriados
Dithmenos
Elyvilon
Gozag
Kikubaaqudgha
Makhleb
Nemelex Xobeh
Okawaru
Qazlal
Sif Muna
Trog
Uskayaw
Vehumet
Wu Jian
Yredelemnul
The Shining One

Shops:
D:9 :

Annotations:
D:3 3 runed doors, letownia2's ghost, amateur DsTm
D:5 exclusion: door
D:8 exclusions: downstairs and hungry ghost
D:9 exclusion: 2 downstairs
D:10 Erolcha; Urug
D:11 Fannar
Lair:2 exclusion: hydra


Message History

Confirm with . or Enter, or press ? or * to list all spells.
Aiming: Freeze (safe; 1% risk of failure)
Press: ? - help, Shift-Dir - straight line, f/p - spiny frog
Aim: a spiny frog (almost dead, slow)
You freeze the spiny frog.
The spiny frog is almost dead.
You feel sick. The spiny frog stings you!!
* * * LOW HITPOINT WARNING * * *
Unknown command.
Casting: Freeze (safe; 1% risk of failure)
Confirm with . or Enter, or press ? or * to list all spells.
Aiming: Freeze (safe; 1% risk of failure)
Press: ? - help, Shift-Dir - straight line, f/p - spiny frog
Aim: a spiny frog (almost dead, slow)
You freeze the spiny frog.
You kill the spiny frog!
Vehumet accepts your kill.
You feel your power returning.
Your Ice Magic skill increases to level 10!
You die...

#<# ... ........# #....
.P#.##..## ##....> .......
#...#.. ≈......####
##...#### #
≈.#.....#.####P.....P###
≈≈.......................
........$...P...#.#...#.#.
≈.....?@........#.#.####
≈.#######P.P#.....###
##..#.....P# #.##...####
#......# ##..#### ####


There were no monsters in sight!

Vanquished Creatures
  Nergalle (Lair:2)
  An orc knight (Bailey)
  A black mamba (Lair:1)
  Joseph (D:9)
  A centaur skeleton (D:8)
  2 spiny frogs
  2 torpor snails (Lair:1)
  A komodo dragon (Lair:1)
  Grinder (D:5)
  A raiju (Lair:1)
  A hippogriff (Lair:1)
  5 yaks (D:9)
  Eustachio (D:4)
  Grum (D:9)
  A hungry ghost (D:9)
  A naga (Bailey)
  3 porcupines
  2 water moccasins
  8 orc warriors
  Duvessa (D:5)
  3 sky beasts
  3 ogres
  3 wolves
  3 centaurs
  6 crocodiles
  A big kobold (D:6)
  Blork the orc (D:5)
  9 bullfrogs
  2 scorpions (D:8)
  Dowan (D:5)
  3 howler monkeys (D:8)
  6 crimson imps
  A centaur zombie (D:10)
  2 lava snakes (D:9)
  3 hounds
  A gnoll shaman (D:7)
  5 orc priests
  3 iguanas
  5 orc wizards
  8 worker ants
  Terence (D:3)
  A hound zombie (D:6)
  3 worker ant zombies
  10 gnolls
  6 adders
  A howler monkey skeleton (D:8)
  5 shadow imps
  An ooze (D:3)
  An adder skeleton (D:10)
  An adder zombie (D:6)
  A worm (D:3)
  A dart slug (D:1)
  7 leopard geckos
  23 orcs
  3 bats
  7 giant cockroaches
  9 goblins
  10 hobgoblins
  10 jackals
  10 kobolds
  2 quokkas
  8 frilled lizards
  A jackal skeleton (D:4)
  8 rats
  A plant (D:1)
236 creatures vanquished.

Vanquished Creatures (others)
  A fungus (Lair:1)
  A plant (D:5)
2 creatures vanquished.

Grand Total: 238 creatures vanquished

Notes
Turn   | Place    | Note
-------+----------+-------------------------------------------
     0 | D:1      | removed the Deep Elf Hunter began the quest for the Orb.
     0 | D:1      | Reached XP level 1. HP: 12/12 MP: 3/3
   298 | D:1      | Reached XP level 2. HP: 16/16 MP: 4/4
   384 | D:1      | Reached skill level 5 in Bows
  1179 | D:2      | Reached XP level 3. HP: 21/21 MP: 5/5
  1408 | D:2      | Reached XP level 4. HP: 26/26 MP: 6/6
  1427 | D:2      | Found an ancient bone altar of Kikubaaqudgha.
  1449 | D:2      | Found a radiant altar of Vehumet.
  1450 | D:2      | Found a deep blue altar of Sif Muna.
  1457 | D:2      | Identified Sif Muna's Handbook of the Oath
  1461 | D:2      | Learned a level 1 spell: Confusing Touch
  1484 | D:2      | Became a worshipper of Vehumet
  1794 | D:2      | Found a faded altar of an unknown god.
  1891 | D:3      | Reached skill level 1 in Spellcasting
  2164 | D:3      | Reached XP level 5. HP: 26/31 MP: 9/12
  2612 | D:3      | Reached skill level 5 in Spellcasting
  2648 | D:3      | Found a sparkling altar of Nemelex Xobeh.
  2649 | D:3      | Found a runed gate.
  2649 | D:3      | Noticed Terence
  2888 | D:3      | Found a runed gate.
  2890 | D:3      | Found a runed gate.
  2891 | D:3      | Noticed letownia2's ghost (amateur DsTm)
  3204 | D:4      | Reached XP level 6. HP: 36/36 MP: 15/15
  3330 | D:4      | Reached * piety under Vehumet
  3330 | D:4      | Offered knowledge of Freeze by Vehumet.
  3339 | D:4      | Learned a level 1 spell: Freeze
  3442 | D:4      | Reached skill level 1 in Ice Magic
  3774 | D:4      | Noticed Eustachio
  4166 | D:3      | Killed Terence
  4222 | D:5      | Entered Level 5 of the Dungeon
  4222 | D:5      | Found an iron altar of Okawaru.
  4245 | D:5      | Noticed Grinder
  4638 | D:5      | Paralysed by Grinder for 5 turns
  4654 | D:5      | Killed Grinder
  4654 | D:5      | Reached skill level 5 in Ice Magic
  4654 | D:5      | Reached XP level 7. HP: 41/41 MP: 16/16
  4762 | D:5      | Noticed Duvessa
  4778 | D:5      | Found a staircase to the Ecumenical Temple.
  4787 | D:5      | Found a glowing golden altar of the Shining One.
  4788 | D:5      | Noticed Dowan
  4827 | D:5      | Killed Dowan
  5349 | D:6      | Reached skill level 5 in Dodging
  5674 | D:6      | Reached XP level 8. HP: 40/46 MP: 13/17
  5962 | D:6      | Offered knowledge of Throw Frost by Vehumet.
  5966 | D:6      | Learned a level 2 spell: Throw Frost
  6220 | D:7      | Reached ** piety under Vehumet
  6479 | D:5      | Found a hide-covered altar of Uskayaw.
  6480 | D:5      | Found a shadowy altar of Dithmenos.
  6486 | D:5      | Found a basalt altar of Yredelemnul.
  6490 | D:5      | Found a stormy altar of Qazlal.
  6621 | D:5      | Noticed Blork the orc
  6632 | D:5      | Killed Blork the orc
  6708 | D:5      | Found a bloodstained altar of Trog.
  6943 | D:5      | Found a burning altar of Makhleb.
  7137 | D:5      | Killed Duvessa
  7507 | D:4      | Killed Eustachio
  7507 | D:4      | Reached skill level 5 in Conjurations
  8588 | D:7      | Reached XP level 9. HP: 51/51 MP: 14/21
  9606 | D:8      | Offered knowledge of Inner Flame by Vehumet.
  9662 | D:8      | Found a deep blue altar of Sif Muna.
 10713 | D:7      | Found an ornate altar of the Wu Jian Council.
 11097 | D:8      | Found a snail-covered altar of Cheibriados.
 11097 | D:8      | Found a white marble altar of Elyvilon.
 11498 | D:9      | Found a shattered altar of Ashenzari.
 11605 | D:9      | Noticed Joseph
 11782 | D:9      | Found Estel's Book Shoppe.
 11924 | D:9      | Found an opulent altar of Gozag.
 12039 | D:9      | Reached *** piety under Vehumet
 12374 | D:9      | Reached XP level 10. HP: 28/58 MP: 8/22
 12676 | D:9      | Noticed Grum
 12732 | D:9      | Killed Joseph
 12790 | D:9      | Killed Grum
 13231 | D:10     | Entered Level 10 of the Dungeon
 13231 | D:10     | Noticed Urug
 13327 | D:10     | Found a flagged portal.
 13335 | Bailey   | Entered a bailey
 14462 | Bailey   | Reached skill level 5 in Fighting
 14611 | Bailey   | Offered knowledge of Conjure Flame by Vehumet.
 14716 | Bailey   | Learned a level 3 spell: Conjure Flame
 14732 | Bailey   | Noticed an orc knight
 14760 | Bailey   | Killed an orc knight
 14899 | Bailey   | Reached skill level 10 in Dodging
 15067 | Bailey   | Got an emerald-encrusted scale mail
 15259 | D:10     | Noticed a two-headed ogre
 15410 | D:10     | Noticed Erolcha
 15888 | D:11     | Found a staircase to the Orcish Mines.
 15888 | D:11     | Noticed Fannar
 15909 | D:11     | Noticed a manticore
 15910 | D:11     | a manticore changed into a merfolk
 15948 | D:11     | Found a labyrinth entrance.
 15957 | Lab      | Entered a labyrinth
 16674 | Lab      | Learned a level 1 spell: Confusing Touch
 17273 | Lab      | Noticed a minotaur
 17284 | Lab      | Identified the Almanac of the Hart
 17324 | D:11     | Found a staircase to the Lair.
 17327 | D:11     | HP: 1/60 [something (27)]
 17335 | Lair:1   | Entered Level 1 of the Lair of Beasts
 17617 | Lair:1   | Learned a level 3 spell: Regeneration
 17633 | Lair:1   | Noticed a black mamba
 17639 | Lair:1   | Killed a black mamba
 17647 | Lair:1   | Noticed a torpor snail
 17665 | Lair:1   | Killed a torpor snail
 17905 | Lair:1   | Found a snail-covered altar of Cheibriados.
 17912 | Lair:1   | Noticed a torpor snail
 17934 | Lair:1   | Killed a torpor snail
 18045 | Lair:1   | Noticed a spiny frog
 18128 | Lair:1   | Killed a spiny frog
 18128 | Lair:1   | Reached XP level 11. HP: 48/64 MP: 11/23
 19047 | Lair:1   | Reached **** piety under Vehumet
 19580 | Lair:2   | Noticed Nergalle
 19589 | Lair:2   | Killed Nergalle
 19589 | Lair:2   | Reached skill level 10 in Conjurations
 19799 | Lair:2   | Noticed an eight-headed hydra
 20540 | Lair:3   | HP: 2/64 [spiny frog (22)]
 20541 | Lair:3   | Reached skill level 10 in Ice Magic
 20541 | Lair:3   | Succumbed to a spiny frog's poison

Skill      XL: |  1  2  3  4  5  6  7  8  9 10 11 |
---------------+----------------------------------+-----
Bows           | 5 |  5.0
Fighting       | 2 3 4 6 |  6.1
Dodging        | 4 5 6 7 10 | 10.1
Spellcasting   | 3 5 7 |  7.0
Ice Magic      | 5 6 8 10 | 10.0
Conjurations   | 6 8 9 10 | 10.1
Stealth        | |  1.2

Action                   |  1- 3 |  4- 6 |  7- 9 | 10-12 || total
-------------------------+-------+-------+-------+-------++-------
Melee: Short sword       |    62 |     5 |       |       ||    67
       Trident           |       |     6 |       |       ||     6
       Unarmed           |       |     6 |       |       ||     6
 Fire: Shortbow          |    72 |   143 |    94 |    31 ||   340
 Cast: Freeze            |       |    34 |   145 |   105 ||   284
       Confusing Touch   |       |     2 |       |     2 ||     4
       Throw Frost       |       |       |   108 |   207 ||   315
       Regeneration      |       |       |       |     2 ||     2
Evoke: Wand              |       |     2 |     8 |    15 ||    25
  Use: Potion            |       |     3 |     2 |     9 ||    14
       Scroll            |       |     5 |    10 |     9 ||    24
 Stab: Confused          |       |     1 |       |       ||     1
  Eat: Chunk             |     1 |    10 |    13 |    14 ||    38
       Ration            |       |       |     3 |     4 ||     7
Armor: Leather armour    |    16 |    21 |    29 |       ||    66
       Skin              |       |     6 |     9 |     6 ||    21
       Animal skin       |       |       |       |    35 ||    35
       Robe              |       |       |       |     9 ||     9
Dodge: Dodged            |    30 |    57 |   100 |   212 ||   399
